 Dungeon Crawl Stone Soup version 0.18.1-47-g9310371 (webtiles) character file.

285 LORDOFBUTT the Shield-Bearer (level 6, -5/55 HPs)
             Began as a Minotaur Fighter on June 19, 2016.
             Slain by a gnoll
             ... wielding a +0 flail
              (11 damage)
             ... on level 3 of the Dungeon.
             The game lasted 00:03:55 (2050 turns).

LORDOFBUTT the Shield-Bearer (Minotaur Fighter)     Turns: 2050, Time: 00:03:56

Health: -5/55      AC:  7    Str: 21    XL:     6   Next: 7%
Magic:  5/5        EV:  7    Int:  5    God:
Gold:   187        SH: 10    Dex: 11    Spells: 0 memorised, 5 levels left

rFire  + . .     SeeInvis .     a - +0 flail
rCold  x . .     Gourm    .     b - +0 scale mail
rNeg   . . .     Faith    .     c - +0 shield
rPois  .         Spirit   .     (helmet restricted)
rElec  .         Dismiss  .     (no cloak)
rCorr  .         Reflect  .     (no gloves)
SustAt .         Harm     .     (no boots)
MR     .....                    (no amulet)
Stlth  ..........               (no ring)
                                n - ring of fire

@: not resistant to hostile enchantments, extremely unstealthy
A: retaliatory headbutt, horns 2
a: no special abilities


You were on level 3 of the Dungeon.
You were not hungry.

You visited 1 branch of the dungeon, and saw 3 of its levels.

You collected 187 gold pieces.

Inventory:

Hand Weapons
 a - a +0 flail (weapon)
Missiles
 j - 6 curare-tipped needles
 k - 12 poisoned needles
Armour
 b - a +0 scale mail (worn)
 c - a +0 shield (worn)
Jewellery
 n - a ring of fire (left hand)
Scrolls
 e - 3 scrolls of remove curse {unknown}
 g - 3 scrolls of identify
 h - a scroll of recharging {unknown}
 i - 3 scrolls of blinking {unknown}
 m - a scroll of amnesia {unknown}
 p - a scroll of teleportation {unknown}
 q - a scroll of enchant armour {unknown}
 s - a scroll of enchant weapon {unknown}
 t - a scroll of noise {unknown}
 u - a scroll of fear {unknown}
Potions
 d - 3 potions of lignification
 l - a potion of curing
 r - 2 potions of brilliance {unknown}
Comestibles
 f - a bread ration
 o - a royal jelly


   Skills:
 + Level 4.9 Fighting
 + Level 4.1 Maces & Flails
 + Level 2.1 Throwing
 + Level 4.8 Armour
 + Level 5.0 Shields


You had 5 spell levels left.
You didn't know any spells.

Dungeon Overview and Level Annotations

Branches:
Dungeon (3/15)

Altars:
Vehumet


Innate Abilities, Weirdness & Mutations

You reflexively headbutt those who attack you in melee.
You have a pair of horns on your head.


Message History

The gnoll barely misses you.
You sock the gnoll! Your headbutt misses the gnoll.
The gnoll is almost dead.
The gnoll hits you with a flail.
The gnoll hits you from afar with a spear!
* * * LOW HITPOINT WARNING * * *
The gnoll hits you but does no damage.
You are too injured to fight recklessly!
You are too injured to fight recklessly!
You are too injured to fight recklessly!
You are too injured to fight recklessly!
You hit the gnoll but do no damage. Your headbutt misses the gnoll.
The gnoll is almost dead.
You block the gnoll's attack. x2; The gnoll hits you but does no damage.
You sock the gnoll!
You kill the gnoll!
The gnoll hits you from afar with a spear!
* * * LOW HITPOINT WARNING * * *
The gnoll hits you with a flail!
You die...

##########
##........# #
.........####### #.
#...#..>)......
#.###.###.@gg.....
##..#...#..########
#....._....# ..
...#...#..# .# #.
##.###.# ..
#...#...#..# #.
#..........# #.##
#.######.### ..#
#........# #.#


You could see 2 gnolls.

Vanquished Creatures
  Sigmund (D:3)
  5 gnolls
  2 adders (D:2)
  A worm (D:2)
  2 dart slugs
  3 giant geckos
  7 bats
  A giant cockroach (D:1)
  6 hobgoblins
  7 jackals
  A quokka (D:2)
  2 ball pythons (D:2)
  4 giant newts (D:2)
  2 goblins (D:1)
  6 kobolds
  7 rats
57 creatures vanquished.

Notes
Turn   | Place    | Note
--------------------------------------------------------------
     0 | D:1      | LORDOFBUTT the Minotaur Fighter began the quest for the Orb.
     0 | D:1      | Reached XP level 1. HP: 19/19 MP: 0/0
   119 | D:1      | Reached XP level 2. HP: 20/27 MP: 1/1
   323 | D:1      | Reached skill level 4 in Shields
   524 | D:1      | Reached XP level 3. HP: 33/33 MP: 2/2
   887 | D:2      | Reached XP level 4. HP: 12/40 MP: 3/3
  1113 | D:2      | Reached skill level 1 in Throwing
  1547 | D:3      | Noticed Sigmund
  1561 | D:3      | Killed Sigmund
  1561 | D:3      | Reached skill level 5 in Shields
  1561 | D:3      | Reached XP level 5. HP: 28/47 MP: 4/4
  1846 | D:3      | Found a faded altar to an unknown god.
  2024 | D:3      | Found a radiant altar of Vehumet.
  2042 | D:3      | Reached XP level 6. HP: 36/55 MP: 5/5
  2050 | D:3      | Slain by a gnoll

Skill      XL: |  1  2  3  4 |
---------------+-------------+-----
Armour         | 4 |  4.8
Shields        | 4 5 |  5.0
Maces & Flails | 3 4 |  4.1
Fighting       | 4 |  4.9
Throwing       | 2 |  2.1

Action                   |  1- 3 |  4- 6 || total
-------------------------+-------+-------++-------
Melee: Flail             |    65 |    63 ||   128
       Headbutt          |    10 |    10 ||    20
  Use: Potion            |     1 |       ||     1
       Scroll            |       |     2 ||     2
  Eat: Beef jerky        |       |     1 ||     1
       Bread ration      |       |     1 ||     1
Armor: Scale mail        |    34 |    20 ||    54
Dodge: Dodged            |    36 |    12 ||    48
Block: Shield            |    47 |    35 ||    82
